Unix NetHack Version 3.7.0-101 Work-in-progress - last build Mar 25 2024 11:18:41 (462964f8eaac915e699fc3a71b43428251fec12b,branch:master). Game began 2024-03-31 19:06:12, ended 2024-03-31 20:44:30. priyavt, lawful male human Knight ----- ------------ --------------######....| |..........| #-............-# |...| ----------- ---------- |..........| #|..[.........|######....-####..........| |.)..)...| |..........-# ##|............|# ---%- |.........|#-.)..[)..| |..........|# ## |............-# # |.........|#|...)))))| ............#### #-............|# ) #..).}}}...|#|...)))).| ----.------- # #--------------# #%# #|.(.}}}...|#------.-- ## ################### ### #|...}}}...|# ### ## # ## # ###..........|# ## ### # ## # #|.......[.|# # --|-.- ## # # [|......)..-# # |....|## #------------ ---#----------- # |....|# #|...............#%###[############ ## |....-# #|..............|# --.-----.- ------ #...............|[ |........| |...........@...# |....<...| ---------------- |........| ---------- Priyavt the Esquire St:15 Dx:8 Co:12 In:7 Wi:15 Ch:18 Lawful S:197 Dlvl:1 $:13 HP:0(27) Pw:25(25) AC:3 Xp:3/46 T:1355 Hungry Burdened Latest messages: A little dart misses you. You have a little trouble lifting u - a bullwhip. Really step onto that dart trap? [yn] (n) Really step onto that dart trap? [yn] (n) Really step onto that dart trap? [yn] (n) Really step onto that dart trap? [yn] (n) You see here a goblin corpse. You hear some noises in the distance. You hear someone counting gold coins. You hear the footsteps of a guard on patrol. You hear someone counting gold coins. You are beginning to feel hungry. The lichen touches you! You miss the lichen. You kill the lichen! Welcome to experience level 3. There is an open door here. You see here a lichen corpse. You see here 4 darts. You miss the coyote. The coyote bites! The coyote bites! You miss the coyote. The coyote bites! You miss the coyote. The coyote bites! You kill the coyote! The coyote bites! You miss the coyote. The coyote bites! You kill the coyote! You see here a coyote corpse. John's ghost touches you! John's ghost touches you! You already found a monster. Use 'm' prefix to force another search. You miss John's ghost. John's ghost touches you! You already found a monster. Use 'm' prefix to force another search. You miss John's ghost. John's ghost touches you! You miss John's ghost. You kill the gas spore! Boom! You are caught in the gas spore's explosion! It is fatal. Do you want your possessions identified? [ynq] (y) Do you want to see your attributes? [ynq] (y) Do you want an account of creatures vanquished? [ynaq] (y) Do you want to see your conduct and achievements? [ynq] (y) Do you want to see the dungeon overview? [ynq] (y) Inventory: Coins $ - 13 gold pieces Weapons t - a cursed +1 axe u - a cursed -1 bullwhip a - a +1 long sword (weapon in right hand) b - a blessed +1 lance (alternate weapon; not wielded) Armor d - an uncursed +0 helmet (being worn) f - an uncursed +0 pair of leather gloves (being worn) e - an uncursed +0 small shield (being worn) c - an uncursed +1 ring mail (being worn) Comestibles g - 11 uncursed apples h - 11 uncursed carrots j - 2 uncursed food rations m - 2 cursed food rations p - an uncursed tripe ration l - 2 cursed tripe rations Scrolls k - an uncursed scroll of enchant weapon Potions r - an uncursed potion of booze Tools o - a cursed blindfold s - an uncursed magic whistle n - a cursed skeleton key i - an uncursed tin whistle Priyavt the Knight's attributes: Background: You were an Esquire, a level 3 male human Knight. You were lawful, nominally on a mission for Lugh who was opposed by Brigit (neutral) and Manannan Mac Lir (chaotic). You were right-handed. You were in the Dungeons of Doom, on level 1. You entered the dungeon 1355 turns ago. You had 46 experience points, 34 more were needed to attain level 4. Your score was 197 before end-of-game adjustments. Basics: You had 0 out of 27 hit points. You had all 25 energy points (spell power). Your armor class was 3. Your wallet contained 13 zorkmids. Autopickup was off. Final Characteristics: Your strength was 15 (limit:18/100). Your dexterity was 8 (limit:18). Your constitution was 12 (limit:18). Your intelligence was 7 (limit:18). Your wisdom was 15 (limit:18). Your charisma was 18 (limit:18). Final Status: You were hungry. You were burdened; movement was slightly slowed. You were wielding a long sword. You had basic skill with long sword. Final Attributes: You were devoutly aligned. You could jump. You were warded. You are dead. Miscellaneous: You never encountered a bones level. Total elapsed playing time was 1 hour, 19 minutes and 45 seconds. Major events: Turn 1: priyavt the lawful male human Knight entered the dungeon 1305: attained the rank of Esquire (level 3) 1355: killed by a gas spore's explosion Vanquished creatures: 2 coyotes a gas spore 5 jackals a kobold 3 goblins 4 grid bugs 5 lichens 3 newts 24 creatures vanquished. No species were genocided or became extinct. Voluntary challenges: You were an atheist. You were illiterate. You never engraved Elbereth. You never genocided any monsters. You never polymorphed an object. You never changed form. You used no wishes. Achievement: You attained the rank of Esquire. The Dungeons of Doom: Level 1: <- You were here. Final resting place for you, killed by a gas spore's explosion. Game over: ---------- / \ / REST \ / IN \ / PEACE \ / \ | priyavt | | 13 Au | | killed by a gas | | spore's | | explosion | | | | 2024 | *| * * * | * _________)/\\_//(\/(/\)/\//\/|_)_______ Fare thee well priyavt the Knight... You died in The Dungeons of Doom on dungeon level 1 with 196 points, and 13 pieces of gold, after 1355 moves. You were level 3 with a maximum of 27 hit points when you died.